 Dungeon Crawl Stone Soup version 0.19.0 (webtiles) character file.

46 Eucla the Cudgeler (level 3, -5/41 HPs)
             Began as an Ogre Berserker on Nov 14, 2016.
             Was a Believer of Trog.
             Slain by a goblin
             ... wielding a +0 dagger
             ... led by Robin
              (7 damage)
             ... on level 2 of the Dungeon.
             The game lasted 00:01:16 (1251 turns).

Eucla the Cudgeler (Ogre Berserker)                 Turns: 1251, Time: 00:01:17

Health: -5/41      AC:  3    Str: 22    XL:     3   Next: 66%
Magic:  3/3        EV: 10    Int:  6    God:    Trog [**....]
Gold:   49         SH:  0    Dex: 10    Spells: 0 memorised, 2 levels left

rFire  . . .     SeeInvis .     a - +0 mace
rCold  . . .     Gourm    .     b - +0 animal skin
rNeg   . . .     Faith    .     (no shield)
rPois  +         Spirit   .     (helmet restricted)
rElec  .         Reflect  .     (no cloak)
rCorr  .         Harm     .     (gloves unavailable)
MR     .....                    (boots unavailable)
Stlth  +.........               (no amulet)
                                (no ring)
                                g - ring of poison resistance

@: exhausted, slowed, very slow
A: unfitting armour, tough skin 1
a: Berserk, Trog's Hand, Burn Spellbooks, Renounce Religion


You were on level 2 of the Dungeon.
You worshipped Trog.
Trog was pleased with you.
You were very hungry.

You visited 1 branch of the dungeon, and saw 2 of its levels.

You collected 49 gold pieces.

Inventory:

Hand Weapons
 a - a +0 mace (weapon)
Armour
 b - a +0 animal skin (worn)
Jewellery
 g - a ring of poison resistance (left hand)
Scrolls
 f - a scroll of blinking {unknown}
 h - 2 scrolls of identify {unknown}
 i - a scroll of enchant armour {unknown}
 k - a scroll of recharging {unknown}
 m - a scroll of noise {unknown}
 n - a scroll of immolation {unknown}
Potions
 d - 2 potions of curing {unknown}
 e - a potion of invisibility {unknown}
 j - 2 potions of heal wounds {unknown}
Comestibles
 c - a bread ration
 l - 2 chunks of flesh


   Skills:
 + Level 4.9 Fighting
 * Level 5.3 Maces & Flails
 - Level 2.6 Dodging


You had 2 spell levels left.
You didn't know any spells.

Dungeon Overview and Level Annotations

Branches:
Dungeon (2/15)

Altars:

Annotations:
D:2 Robin


Innate Abilities, Weirdness & Mutations

You are too large for most types of armour.
You have tough skin. (AC +1)


Message History

You see here a goblin corpse.
You are too injured to fight recklessly!
You hit Robin.
Robin is moderately wounded.
The goblin no longer looks unusually strong.
Robin hits you with a spear.
* * * LOW HITPOINT WARNING * * *
The goblin hits you with a dagger.
* * * LOW HITPOINT WARNING * * *
Robin hits you with a spear.
* * * LOW HITPOINT WARNING * * *
The goblin closely misses you.
You are too injured to fight recklessly!
You closely miss Robin.
Robin is moderately wounded.
Robin roars a battlecry!
The goblins go into a battle-frenzy!
The goblin closely misses you. Robin barely misses you.
The goblin hits you with a dagger!
You die...

#....... #. # ###.#.....
... .. ......... ...#g
#.#†.... ###.#[ #.......
......# ###+#####..†...
###.... #.....###......
.....g)####.....#.'......
###.#.(g@gg.....#.#......
#.......##g.....#..#.####
..##...###......#.....#
#............##.#..#
#.#.####...........# #.#.
#.####.#)†..# # #.
#.####.#.#.#### ..
..............# #.
.....##.#.#..#.#


You could see Robin, a hobgoblin (wandering) and 3 goblins.

Vanquished Creatures
  A worm (D:2)
  A dart slug (D:1)
  2 giant cockroaches (D:1)
  9 goblins
  8 hobgoblins
  6 bats
  4 frilled lizards (D:1)
  3 kobolds (D:1)
  2 rats
36 creatures vanquished.

Notes
Turn   | Place    | Note
-------+----------+-------------------------------------------
     0 | D:1      | Eucla the Ogre Berserker began the quest for the Orb.
     0 | D:1      | Reached XP level 1. HP: 24/24 MP: 1/1
   349 | D:1      | Reached XP level 2. HP: 33/33 MP: 2/2
   683 | D:1      | Reached XP level 3. HP: 40/40 MP: 3/3
   986 | D:1      | Reached skill level 5 in Maces & Flails
  1069 | D:1      | Reached ** piety under Trog
  1231 | D:2      | Noticed Robin
  1250 | D:2      | HP: 2/41 [Robin/spear (4)]
  1251 | D:2      | Slain by a goblin

Skill      XL: |  1  2  3 |
---------------+----------+-----
Maces & Flails | 5 |  5.3
Fighting       | |  4.9
Dodging        | |  2.6

Action                   || total
-------------------------++-------
Melee: Mace              ||   118
Invok: Berserk           ||     1
  Eat: Chunk             ||     1
Armor: Animal skin       ||    62
Dodge: Dodged            ||   101
